[Event "EYCC Open-U16 2019"]
[Site "Bratislava"]
[Date "2019.08.04"]
[Round "3.22"]
[White "Olsen, Filip Boe"]
[Black "Gavrilin, Roman"]
[Result "1-0"]
[ECO "E08"]
[WhiteElo "2383"]
[BlackElo "2131"]
[Annotator "NA"]
[PlyCount "137"]
[EventDate "2019.08.02"]
[EventType "swiss"]
[EventCountry "SVK"]
[SourceTitle "playchess.com"]
[Source "ChessBase"]
[SourceQuality "1"]
[TimeControl "40/5400+30:1800+30"]

1. d4 Nf6 2. c4 e6 3. g3 d5 4. Nf3 Be7 5. Bg2 O-O 6. Qc2 Nbd7 7. O-O c6 8. b3 b6 9. Rd1 Bb7 10. Nc3 Ba6 11. Nd2 b5 12. e4 dxc4 13. bxc4 bxc4 14. Qa4 Bb5 15. Nxb5 Nb6 16. Qa6 cxb5 17. d5 exd5 18. Qxb5 Rc8 19. exd5 Qe8 20. Qa6 Qa4 21. Qxa4 Nxa4 22. Nf1 Bd6 23. Bg5 Be5 24. Rac1 Nb2 25. Rd2 Nd3 26. Rb1 Rb8 27. Rxb8 Rxb8 28. Bxf6 Bxf6 29. Ne3 Nb2 30. Rc2 c3 31. d6 Rd8 32. Nd5 Rxd6 33. Nxc3 Bxc3 34. Rxc3 g6 35. Rc7 a6 36. Bf1 Nd3 37. Ra7 Nc5 38. Bc4 Rf6 39. f4 Kg7 40. Kg2 h6 41. Rc7 Ne4 42. Bd3 Re6 43. Bc4 Rf6 44. Ra7 Nc5 45. h4 Kf8 46. Kf3 g5 47. Rc7 Ne6 48. Bxe6 Rxe6 49. hxg5 hxg5 50. f5 Rd6 51. Kg4 Kg7 52. Kxg5 Rb6 53. Ra7 Rc6 54. g4 Rb6 55. a4 Rd6 56. a5 Rc6 57. Kh4 Rh6+ 58. Kg3 Rc6 59. g5 Rc5 60. Kg4 Rc4+ 61. Kh5 Rf4 62. f6+ Kg8 63. Rxa6 Kh7 64. Ra7 Kg8 65. a6 Rf1 66. Rb7 Rh1+ 67. Kg4 Rg1+ 68. Kf4 Rf1+ 69. Ke4 1-0

[Event "EYCC Open-U16 2019"]
[Site "Bratislava"]
[Date "2019.08.04"]
[Round "3.23"]
[White "Remizov, Yaroslav"]
[Black "Silich, Yahor"]
[Result "1-0"]
[ECO "B37"]
[WhiteElo "2357"]
[BlackElo "2100"]
[Annotator "NA"]
[PlyCount "63"]
[EventDate "2019.08.02"]
[EventType "swiss"]
[EventCountry "SVK"]
[SourceTitle "playchess.com"]
[Source "ChessBase"]
[SourceQuality "1"]
[TimeControl "40/5400+30:1800+30"]

1. e4 c5 2. Nf3 Nc6 3. d4 cxd4 4. Nxd4 g6 5. c4 Bg7 6. Nc2 Nf6 7. Nc3 O-O 8. Be2 d6 9. O-O Nd7 10. Be3 Nc5 11. f3 a5 12. Qd2 f5 13. Kh1 Be5 14. Bh6 Rf7 15. exf5 gxf5 16. f4 Bg7 17. Bg5 Be6 18. Rae1 a4 19. Nd5 h6 20. Bh4 Ne4 21. Qe3 Bxb2 22. Bh5 Rg7 23. Qh3 Bd7 24. Nce3 Nd4 25. a3 Bc3 26. Nxe7+ Rxe7 27. Nd5 Bxe1 28. Nxe7+ Kh7 29. Rxe1 Be6 30. Rxe4 fxe4 31. Qg3 Nf5 32. Qg6+ 1-0

[Event "EYCC Open-U16 2019"]
[Site "Bratislava"]
[Date "2019.08.04"]
[Round "3.24"]
[White "Gomez Carreno, Martin"]
[Black "Veiga, Jose Francisco R P N"]
[Result "1/2-1/2"]
[ECO "C91"]
[WhiteElo "2078"]
[BlackElo "2357"]
[Annotator "NA"]
[PlyCount "171"]
[EventDate "2019.08.02"]
[EventType "swiss"]
[EventCountry "SVK"]
[SourceTitle "playchess.com"]
[Source "ChessBase"]
[SourceQuality "1"]
[TimeControl "40/5400+30:1800+30"]

1. e4 e5 2. Nf3 Nc6 3. Bb5 a6 4. Ba4 Nf6 5. O-O Be7 6. Re1 b5 7. Bb3 d6 8. c3 O-O 9. d4 Bg4 10. Be3 exd4 11. cxd4 Na5 12. Bc2 Nc4 13. Bc1 c5 14. b3 Nb6 15. Nbd2 Rc8 16. Bb2 Nfd7 17. Qb1 cxd4 18. Nxd4 Bg5 19. Nf1 Ne5 20. h3 Bd7 21. Qd1 Re8 22. Ne3 g6 23. Ba3 Qf6 24. Bb4 Nc6 25. Nxc6 Rxc6 26. Ba5 Bxe3 27. Rxe3 Rxc2 28. Rf3 Qb2 29. Rb1 Qxa2 30. Ra1 Qb2 31. Rb1 Qa3 32. Qxc2 Qxa5 33. b4 Qa4 34. Qc7 Qa2 35. Rf1 Rxe4 36. Qxb6 Re6 37. Rc3 Qb2 38. Rc7 Be8 39. Qa5 d5 40. Ra7 Qf6 41. Qa1 Kg7 42. Rd1 Rd6 43. Qd4 Bd7 44. f3 Bf5 45. Rc7 Be6 46. Kf2 Bf5 47. Rd2 Be6 48. Ke3 Bf5 49. Qxf6+ Rxf6 50. Rxd5 Re6+ 51. Kf2 Rb6 52. Rd2 Be6 53. Rd8 a5 54. bxa5 Ra6 55. Re8 Kf6 56. Ree7 Rxa5 57. Ra7 Rxa7 58. Rxa7 b4 59. Rb7 b3 60. Rb5 Bc4 61. Rb4 Be6 62. Ke3 Ke7 63. Kd4 Kf6 64. Rb5 g5 65. Ke4 Bc4 66. Rb6+ Be6 67. g3 Kg7 68. f4 gxf4 69. gxf4 Bxh3 70. Rxb3 Bg4 71. f5 Kf6 72. Rb6+ Kg5 73. f6 h5 74. Rb8 Kxf6 75. Kf4 Be6 76. Rh8 Kg6 77. Rg8+ Kf6 78. Rh8 Bg4 79. Rh6+ Kg7 80. Kg5 f5 81. Ra6 Kf7 82. Rf6+ Ke7 83. Rxf5 Bxf5 84. Kxf5 h4 85. Kg4 h3 86. Kxh3 1/2-1/2

[Event "EYCC Open-U16 2019"]
[Site "Bratislava"]
[Date "2019.08.04"]
[Round "3.25"]
[White "Vorisek, Jakub"]
[Black "Degraeve, Remy"]
[Result "1-0"]
[ECO "C95"]
[WhiteElo "2071"]
[BlackElo "2349"]
[Annotator "NA"]
[PlyCount "101"]
[EventDate "2019.08.02"]
[EventType "swiss"]
[EventCountry "SVK"]
[SourceTitle "playchess.com"]
[Source "ChessBase"]
[SourceQuality "1"]
[TimeControl "40/5400+30:1800+30"]

1. e4 e5 2. Nf3 Nc6 3. Bb5 a6 4. Ba4 Nf6 5. O-O Be7 6. Re1 b5 7. Bb3 d6 8. c3 O-O 9. h3 Nb8 10. d4 Nbd7 11. Nbd2 Bb7 12. Bc2 Re8 13. Nf1 Bf8 14. Ng3 g6 15. a4 Nb6 16. b3 bxa4 17. bxa4 a5 18. Bg5 h6 19. Be3 Ba6 20. Bd3 Bxd3 21. Qxd3 Qd7 22. Reb1 Qc6 23. d5 Qc4 24. Qc2 Nfd7 25. Rb5 c6 26. Nd2 cxb5 27. Nxc4 Nxc4 28. axb5 Reb8 29. Qb3 Nxe3 30. fxe3 Nc5 31. Qb2 h5 32. c4 Bh6 33. Qe2 a4 34. Ra3 Bg5 35. Qc2 Rc8 36. Nf1 Bd8 37. Ng3 Bb6 38. Kf2 Ra7 39. Ne2 Ba5 40. Qb1 Nd7 41. Nc3 Nb6 42. Nxa4 Nxa4 43. Rxa4 Be1+ 44. Kxe1 Rxa4 45. b6 Raxc4 46. b7 Rb8 47. Qb6 Rc2 48. Qa7 Rxb7 49. Qxb7 Kf8 50. Kd1 Rc5 51. Qd7 1-0

[Event "EYCC Open-U16 2019"]
[Site "Bratislava"]
[Date "2019.08.04"]
[Round "3.26"]
[White "Placer, Sebastian"]
[Black "Dudin, Gleb"]
[Result "0-1"]
[ECO "A41"]
[WhiteElo "2040"]
[BlackElo "2283"]
[Annotator "NA"]
[PlyCount "90"]
[EventDate "2019.08.02"]
[EventType "swiss"]
[EventCountry "SVK"]
[SourceTitle "playchess.com"]
[Source "ChessBase"]
[SourceQuality "1"]
[TimeControl "40/5400+30:1800+30"]

1. d4 g6 2. c4 Bg7 3. Nc3 d6 4. Nf3 Bg4 5. e3 c5 6. dxc5 Bxc3+ 7. bxc3 dxc5 8. Qxd8+ Kxd8 9. Ne5 Be6 10. g3 Nd7 11. Nxd7 Bxd7 12. Bg2 Kc7 13. Ba3 Bc6 14. Bd5 b6 15. O-O-O Nf6 16. Rd2 Rad8 17. Rhd1 e6 18. Bxc6 Rxd2 19. Rxd2 Kxc6 20. f3 Nd7 21. f4 Nf6 22. Kc2 Ne4 23. Re2 f5 24. Bc1 h6 25. Bd2 g5 26. Be1 g4 27. h3 h5 28. Rg2 Nd6 29. Kd3 e5 30. fxe5 Nf7 31. hxg4 Nxe5+ 32. Kc2 hxg4 33. Kb3 Nf3 34. Re2 Rh1 35. Bf2 Rh2 36. Kc2 Ng5 37. Kd3 Ne4 38. Be1 Rh1 39. Bf2 Rc1 40. Be1 Kd6 41. Bd2 Rg1 42. Rh2 Rxg3 43. Rh6+ Ke5 44. Rh8 Rg1 45. Re8+ Kf6 0-1

[Event "EYCC Open-U16 2019"]
[Site "Bratislava"]
[Date "2019.08.04"]
[Round "3.27"]
[White "Akulov, Lev"]
[Black "Alonso Garcia, Aaron"]
[Result "0-1"]
[ECO "B06"]
[WhiteElo "2068"]
[BlackElo "2248"]
[Annotator "NA"]
[PlyCount "144"]
[EventDate "2019.08.02"]
[EventType "swiss"]
[EventCountry "SVK"]
[SourceTitle "playchess.com"]
[Source "ChessBase"]
[SourceQuality "1"]
[TimeControl "40/5400+30:1800+30"]

1. e4 g6 2. d4 Bg7 3. Bc4 d6 4. Nf3 Nf6 5. Qe2 O-O 6. O-O Bg4 7. h3 Bxf3 8. Qxf3 Nc6 9. c3 e5 10. Rd1 Qe8 11. d5 Ne7 12. a4 Nd7 13. Nd2 f5 14. Qe2 Nf6 15. Bd3 f4 16. b4 g5 17. g4 fxg3 18. fxg3 g4 19. h4 Qd7 20. Qg2 Nh5 21. Nf1 Rf3 22. c4 Raf8 23. Ra2 Ng6 24. Be2 R8f7 25. b5 Bf8 26. Ra3 Rxa3 27. Bxa3 Bh6 28. Bc1 Bxc1 29. Rxc1 Ng7 30. Ne3 h5 31. Rf1 Nf8 32. Rxf7 Qxf7 33. Qf2 Qg6 34. Bd3 Nd7 35. Bc2 Nc5 36. Nd1 Ne8 37. Nc3 Qh6 38. Qe1 Nf6 39. Kf2 Nfd7 40. Kg2 Nb6 41. Qe2 Qc1 42. Na2 Qb2 43. Qd2 Kf7 44. Nb4 Ncd7 45. Qf2+ Nf6 46. Nd3 Qc3 47. c5 Nc4 48. cxd6 cxd6 49. Ne1 Kg7 50. Bd3 Nb2 51. Bc2 b6 52. Qe2 Nc4 53. Bd3 Nd2 54. Nc2 Nf3 55. Kf2 Nd7 56. Ne3 Nc5 57. Nf5+ Kf6 58. Bc2 Qa1 59. Bd1 Nxe4+ 60. Qxe4 Qxd1 61. Nxd6 Qg1+ 62. Ke2 Qe1+ 63. Kd3 Qd1+ 64. Kc3 Qc1+ 65. Kd3 Qa3+ 66. Ke2 Qxd6 67. Qh7 Qxd5 68. Qh8+ Ke7 69. Qh7+ Kd6 70. Qh6+ Kc5 71. Qf8+ Kd4 72. Qa3 Qc4+ 0-1

[Event "EYCC Open-U16 2019"]
[Site "Bratislava"]
[Date "2019.08.04"]
[Round "3.28"]
[White "Ognean, Mihnea-Ionut"]
[Black "Sismeiro, Miguel"]
[Result "1-0"]
[ECO "B47"]
[WhiteElo "2287"]
[BlackElo "2103"]
[Annotator "NA"]
[PlyCount "93"]
[EventDate "2019.08.02"]
[EventType "swiss"]
[EventCountry "SVK"]
[SourceTitle "playchess.com"]
[Source "ChessBase"]
[SourceQuality "1"]
[TimeControl "40/5400+30:1800+30"]

1. e4 c5 2. Nf3 e6 3. d4 cxd4 4. Nxd4 Nc6 5. Nc3 Qc7 6. f4 a6 7. Nxc6 bxc6 8. Bd3 d5 9. Qe2 Nf6 10. O-O Be7 11. Kh1 Bb7 12. Bd2 O-O 13. Rae1 c5 14. exd5 Nxd5 15. f5 Bh4 16. Nxd5 exd5 17. f6 g6 18. Qg4 Bxe1 19. Qg5 Bxd2 20. Qxd2 Kh8 21. Qh6 Rg8 22. Rf4 Qxf4 23. Qxf4 Rae8 24. Kg1 c4 25. Bf1 Bc8 26. b3 cxb3 27. axb3 Bf5 28. c3 Re6 29. c4 Re4 30. Qc7 Be6 31. c5 Rb4 32. Bxa6 Rxb3 33. Qd6 Rbb8 34. Bd3 Rbd8 35. Qe5 Rc8 36. Qd4 Rc7 37. h4 Rgc8 38. h5 Kg8 39. Qf4 Kh8 40. Qd4 Kg8 41. Qe3 Kh8 42. hxg6 fxg6 43. Qxe6 Rxc5 44. Ba6 Rc1+ 45. Kh2 R1c6 46. Qe7 R6c7 47. Bxc8 1-0

[Event "EYCC Open-U16 2019"]
[Site "Bratislava"]
[Date "2019.08.04"]
[Round "3.29"]
[White "Torngren, Gustav"]
[Black "Haring, Filip"]
[Result "0-1"]
[ECO "A30"]
[WhiteElo "2109"]
[BlackElo "2334"]
[Annotator "NA"]
[PlyCount "98"]
[EventDate "2019.08.02"]
[EventType "swiss"]
[EventCountry "SVK"]
[SourceTitle "playchess.com"]
[Source "ChessBase"]
[SourceQuality "1"]
[TimeControl "40/5400+30:1800+30"]

1. c4 c5 2. g3 Nf6 3. Bg2 e6 4. Nf3 Nc6 5. O-O Be7 6. d4 cxd4 7. Nxd4 O-O 8. Nc3 a6 9. b3 Qc7 10. Bb2 d6 11. Rc1 Nxd4 12. Qxd4 e5 13. Qd2 Bf5 14. Rfd1 Rfd8 15. Nd5 Nxd5 16. Bxd5 Rab8 17. Bc3 Qd7 18. a4 b6 19. Bb4 Bg6 20. Qa2 Kh8 21. e3 Qg4 22. f3 Qd7 23. Qf2 h6 24. Kg2 f5 25. f4 e4 26. Bc3 Bh5 27. Qb2 Bf8 28. Rd2 Kh7 29. Qa3 Qe8 30. b4 Bf3+ 31. Kg1 Qg6 32. Ra1 Qg4 33. Qc1 Be7 34. Qf1 h5 35. Rf2 h4 36. Rxf3 exf3 37. Bxf3 Qg6 38. Kf2 Bf6 39. Qd3 Rbc8 40. Rc1 Bxc3 41. Rxc3 Qf6 42. Rc2 g6 43. Bb7 Rc7 44. Bxa6 Qa1 45. Kg2 Qxa4 46. Bb5 Qa8+ 47. Kh3 Qf3 48. Ra2 hxg3 49. hxg3 Rh8 0-1

[Event "EYCC Open-U16 2019"]
[Site "Bratislava"]
[Date "2019.08.04"]
[Round "3.30"]
[White "Lomandong, Marc-Antoine"]
[Black "Peyrer, Konstantin"]
[Result "0-1"]
[ECO "A46"]
[WhiteElo "2073"]
[BlackElo "2305"]
[Annotator "NA"]
[PlyCount "100"]
[EventDate "2019.08.02"]
[EventType "swiss"]
[EventCountry "SVK"]
[SourceTitle "playchess.com"]
[Source "ChessBase"]
[SourceQuality "1"]
[TimeControl "40/5400+30:1800+30"]

1. d4 Nf6 2. Nf3 e6 3. e3 b6 4. Bd3 Bb7 5. Nbd2 c5 6. b3 Be7 7. Bb2 O-O 8. O-O cxd4 9. exd4 d6 10. c4 Nbd7 11. Re1 Rc8 12. Rc1 Rc7 13. Bb1 Re8 14. Rc3 Nf8 15. Ng5 h6 16. Nge4 d5 17. Nxf6+ Bxf6 18. Rg3 Bh4 19. Rh3 Bg5 20. Nf3 Bf6 21. Qd3 dxc4 22. bxc4 Ba6 23. Nd2 Rd7 24. Re4 e5 25. d5 b5 26. Qg3 Ng6 27. Re1 Nf4 28. Rxh6 g6 29. Qxf4 Bg5 30. Bxe5 Rxe5 31. Qxe5 Bxh6 32. Qe8+ Qxe8 33. Rxe8+ Kg7 34. Ne4 bxc4 35. d6 f5 36. Re7+ Rxe7 37. dxe7 Kf7 38. Nc5 Bc8 39. e8=Q+ Kxe8 40. Kf1 Ke7 41. g4 Kd6 42. Na4 Bd7 43. Nc3 Ke5 44. Ke1 Bc6 45. h4 Bf3 46. Nb5 Bxg4 47. Nxa7 Bf3 48. Nb5 Bf8 49. Kd2 Bc5 50. a4 Bxf2 0-1

[Event "EYCC Open-U16 2019"]
[Site "Bratislava"]
[Date "2019.08.04"]
[Round "3.31"]
[White "Carlsson, Ludvig"]
[Black "Fojt, Petr"]
[Result "1/2-1/2"]
[ECO "A04"]
[WhiteElo "2218"]
[BlackElo "2140"]
[Annotator "NA"]
[PlyCount "152"]
[EventDate "2019.08.02"]
[EventType "swiss"]
[EventCountry "SVK"]
[SourceTitle "playchess.com"]
[Source "ChessBase"]
[SourceQuality "1"]
[TimeControl "40/5400+30:1800+30"]

1. Nf3 c5 2. c4 Nf6 3. g3 Nc6 4. Bg2 d5 5. cxd5 Nxd5 6. d4 e6 7. O-O Be7 8. dxc5 Bxc5 9. Qc2 Qe7 10. Nc3 O-O 11. Nxd5 exd5 12. Rd1 Nb4 13. Qd2 Bf5 14. a3 Nc2 15. Ra2 Rac8 16. b4 Bb6 17. Kf1 Rfe8 18. Bb2 Nxb4 19. axb4 Rc2 20. Bd4 Rxd2 21. Raxd2 Qxb4 22. Bxb6 Qxb6 23. Rxd5 Be4 24. Rd6 Qb3 25. R1d4 Bc6 26. Rd3 Qb1+ 27. Rd1 Qc2 28. R1d2 Qc1+ 29. Rd1 Qc4 30. R6d2 g6 31. h4 a5 32. Kg1 Rxe2 33. Rd8+ Kg7 34. h5 Qc5 35. Nd4 Bxg2 36. Kxg2 Re5 37. Rd7 Qb4 38. h6+ Kf8 39. Rc1 Re7 40. Rc8+ Re8 41. Rcc7 Re7 42. Rxe7 Qxe7 43. Rc8+ Qe8 44. Rxe8+ Kxe8 45. Kf3 Kd7 46. Ke4 Kd6 47. Nf3 f6 48. Nh4 g5 49. Ng6 Ke6 50. Nf8+ Kf7 51. Nxh7 Kg6 52. Nf8+ Kxh6 53. g4 b5 54. Nd7 Kg6 55. Nc5 Kf7 56. Kd5 Ke7 57. Kc6 f5 58. f3 fxg4 59. fxg4 Kf6 60. Kd6 Kf7 61. Ke5 Ke7 62. Kd5 a4 63. Nd3 Kd7 64. Nc5+ Kc7 65. Ne6+ Kb6 66. Kd4 Ka5 67. Kc3 b4+ 68. Kc4 b3 69. Kc3 Kb5 70. Nxg5 Kc5 71. Nh3 Kd5 72. Nf2 Ke5 73. Nd3+ Kf6 74. Nf2 Kg5 75. Kb2 Kf4 76. Ka3 Kg5 1/2-1/2

[Event "EYCC Open-U16 2019"]
[Site "Bratislava"]
[Date "2019.08.04"]
[Round "3.32"]
[White "Palczert, Botond"]
[Black "Briem, Stephan"]
[Result "0-1"]
[ECO "E46"]
[WhiteElo "2022"]
[BlackElo "2223"]
[Annotator "NA"]
[PlyCount "60"]
[EventDate "2019.08.02"]
[EventType "swiss"]
[EventCountry "SVK"]
[SourceTitle "playchess.com"]
[Source "ChessBase"]
[SourceQuality "1"]
[TimeControl "40/5400+30:1800+30"]

1. d4 Nf6 2. c4 e6 3. Nc3 Bb4 4. e3 O-O 5. Bd2 b6 6. Nf3 Bb7 7. Bd3 d6 8. O-O Nbd7 9. Rc1 Qe7 10. Bb1 Bxc3 11. Bxc3 Ne4 12. Be1 f5 13. Nd2 Nxd2 14. Qxd2 e5 15. f3 Rf7 16. Bg3 Re8 17. Rce1 Qf6 18. Bf2 g5 19. f4 Qg6 20. Bg3 h5 21. fxg5 Qxg5 22. Qf2 Ref8 23. Bh4 Qg4 24. d5 f4 25. h3 Qg7 26. Qc2 Bc8 27. Kh2 Nc5 28. b4 Nd7 29. Qg6 Nf6 30. Bxf6 Rxf6 0-1

[Event "EYCC Open-U16 2019"]
[Site "Bratislava"]
[Date "2019.08.04"]
[Round "3.33"]
[White "Risteski, Emil"]
[Black "Vujovic, Savo"]
[Result "1-0"]
[ECO "C50"]
[WhiteElo "2150"]
[BlackElo "2023"]
[Annotator "NA"]
[PlyCount "75"]
[EventDate "2019.08.02"]
[EventType "swiss"]
[EventCountry "SVK"]
[SourceTitle "playchess.com"]
[Source "ChessBase"]
[SourceQuality "1"]
[TimeControl "40/5400+30:1800+30"]

1. e4 e5 2. Nf3 Nc6 3. Bc4 Bc5 4. O-O Nf6 5. d4 Bxd4 6. Nxd4 Nxd4 7. f4 d6 8. fxe5 dxe5 9. Bg5 Qe7 10. Na3 Ne6 11. Bxf6 gxf6 12. Kh1 h5 13. Qf3 Rh6 14. Rf2 Bd7 15. c3 Nf4 16. Qe3 Rg6 17. Nc2 Be6 18. Bf1 h4 19. Ne1 Qd6 20. Nf3 Qb6 21. Qxb6 axb6 22. Nxh4 Rg4 23. g3 Rxa2 24. Rxa2 Bxa2 25. Nf5 Ne6 26. Bg2 Bb1 27. Ne3 Rxe4 28. Bxe4 Bxe4+ 29. Kg1 f5 30. h4 f4 31. gxf4 Nxf4 32. Rh2 Bf3 33. Kf2 e4 34. Nf5 Kd7 35. Ng3 Nd5 36. h5 Nf6 37. h6 Ng4+ 38. Ke1 1-0

[Event "EYCC Open-U16 2019"]
[Site "Bratislava"]
[Date "2019.08.04"]
[Round "3.34"]
[White "Karadzhov, Ivan"]
[Black "Koziorowicz, Michal"]
[Result "1/2-1/2"]
[ECO "A85"]
[WhiteElo "2023"]
[BlackElo "1985"]
[Annotator "NA"]
[PlyCount "133"]
[EventDate "2019.08.02"]
[EventType "swiss"]
[EventCountry "SVK"]
[SourceTitle "playchess.com"]
[Source "ChessBase"]
[SourceQuality "1"]
[TimeControl "40/5400+30:1800+30"]

1. d4 f5 2. c4 Nf6 3. Nc3 e6 4. Nf3 Be7 5. g3 O-O 6. Bg2 d6 7. O-O Ne4 8. Qc2 Nxc3 9. bxc3 Nc6 10. e4 e5 11. exf5 Bxf5 12. Qb3 Qd7 13. c5+ Kh8 14. cxd6 cxd6 15. Be3 Rac8 16. dxe5 dxe5 17. Ng5 Bxg5 18. Bxg5 Bd3 19. Rfe1 e4 20. Bf4 Rfe8 21. Rad1 Na5 22. Qb4 Qf5 23. Bh3 Qxh3 24. Qxa5 a6 25. Qb6 Qd7 26. Qd4 Qf7 27. f3 Red8 28. Qe3 Qxa2 29. Rd2 Qb3 30. fxe4 Bb5 31. Be5 Rxd2 32. Qxd2 Qf7 33. Qd4 Rf8 34. Bd6 Re8 35. e5 Qf3 36. Qe3 Qd5 37. Qe4 Qa2 38. Qxb7 Qd2 39. Qe4 Qxc3 40. Qe3 Qc6 41. h4 Qd5 42. Qf2 h6 43. Rc1 Qe6 44. Kh2 Bd7 45. Qg2 a5 46. Rc3 a4 47. Kg1 Qg4 48. Qf3 Qd4+ 49. Qe3 Qd1+ 50. Kh2 Qd5 51. Qd3 Qe6 52. Qc2 Rc8 53. Rxc8+ Bxc8 54. Qc3 Qh3+ 55. Kg1 Bb7 56. Kf2 Qf5+ 57. Ke3 Qe4+ 58. Kd2 Bd5 59. Kc1 Kg8 60. Qc8+ Kf7 61. Qc7+ Kg6 62. Qc2 Kf5 63. Qxe4+ Kxe4 64. Kb2 Kf5 65. Ka3 Bc6 66. Bf8 Kg4 67. Bxg7 1/2-1/2

[Event "EYCC Open-U16 2019"]
[Site "Bratislava"]
[Date "2019.08.04"]
[Round "3.35"]
[White "Balin, Daniel"]
[Black "Kochavi, Ori"]
[Result "0-1"]
[ECO "D85"]
[WhiteElo "1951"]
[BlackElo "2153"]
[Annotator "NA"]
[PlyCount "58"]
[EventDate "2019.08.02"]
[EventType "swiss"]
[EventCountry "SVK"]
[SourceTitle "playchess.com"]
[Source "ChessBase"]
[SourceQuality "1"]
[TimeControl "40/5400+30:1800+30"]

1. d4 Nf6 2. c4 g6 3. Nc3 d5 4. cxd5 Nxd5 5. e4 Nxc3 6. bxc3 Bg7 7. Bb5+ c6 8. Ba4 a5 9. Qf3 O-O 10. Ne2 b5 11. Bc2 b4 12. Bb2 e5 13. Rd1 Ba6 14. d5 cxd5 15. Rxd5 Qc7 16. O-O Qc4 17. Re1 Qxa2 18. Rb1 Bb7 19. Rc5 Na6 20. Nc1 Qxb1 21. Bxb1 Nxc5 22. cxb4 axb4 23. Nb3 Na4 24. Qe2 Ba6 25. Qd2 Rfd8 26. Qc1 Nxb2 27. Bc2 Nd3 28. Bxd3 Rxd3 29. Na5 Rad8 0-1

[Event "EYCC Open-U16 2019"]
[Site "Bratislava"]
[Date "2019.08.04"]
[Round "3.36"]
[White "Beres, Tomas"]
[Black "Zetocha, Adrian"]
[Result "0-1"]
[ECO "B91"]
[WhiteElo "1814"]
[BlackElo "2193"]
[Annotator "NA"]
[PlyCount "48"]
[EventDate "2019.08.02"]
[EventType "swiss"]
[EventCountry "SVK"]
[SourceTitle "playchess.com"]
[Source "ChessBase"]
[SourceQuality "1"]
[TimeControl "40/5400+30:1800+30"]

1. e4 c5 2. Nf3 d6 3. d4 cxd4 4. Nxd4 Nf6 5. Nc3 a6 6. g3 g6 7. Bg2 Bg7 8. O-O O-O 9. h3 Nc6 10. Nde2 Qc7 11. Nd5 Nxd5 12. exd5 Ne5 13. c3 b5 14. Nd4 Bb7 15. Re1 Rac8 16. a4 Qc4 17. f4 Nd3 18. Rxe7 Rfe8 19. Qe2 Bxd4+ 20. cxd4 Qxd4+ 21. Kh2 Rxe7 22. Qxe7 Rc2 23. Be3 Rxg2+ 24. Kxg2 Qxd5+ 0-1

[Event "EYCC Open-U16 2019"]
[Site "Bratislava"]
[Date "2019.08.04"]
[Round "3.37"]
[White "Heidarsson, Arnar"]
[Black "Niedbala, Bartlomiej"]
[Result "0-1"]
[ECO "A80"]
[WhiteElo "1777"]
[BlackElo "2152"]
[Annotator "NA"]
[PlyCount "34"]
[EventDate "2019.08.02"]
[EventType "swiss"]
[EventCountry "SVK"]
[SourceTitle "playchess.com"]
[Source "ChessBase"]
[SourceQuality "1"]
[TimeControl "40/5400+30:1800+30"]

1. d4 f5 2. Bg5 g6 3. Nc3 d5 4. e3 Bg7 5. h4 c6 6. Qf3 Nd7 7. O-O-O Nh6 8. h5 Nf7 9. Bf4 g5 10. Bh2 e5 11. Qxf5 exd4 12. Qe6+ Kf8 13. Bd6+ Kg8 14. Be7 Qe8 15. h6 Bf8 16. Bd3 Nde5 17. Qf6 Qxe7 0-1

[Event "EYCC Open-U16 2019"]
[Site "Bratislava"]
[Date "2019.08.04"]
[Round "3.38"]
[White "Mendis, Vidura"]
[Black "Melaa, Sondre"]
[Result "0-1"]
[ECO "C55"]
[WhiteElo "1472"]
[BlackElo "2118"]
[Annotator "NA"]
[PlyCount "68"]
[EventDate "2019.08.02"]
[EventType "swiss"]
[EventCountry "SVK"]
[SourceTitle "playchess.com"]
[Source "ChessBase"]
[SourceQuality "1"]
[TimeControl "40/5400+30:1800+30"]

1. e4 e5 2. Nf3 Nc6 3. d4 exd4 4. Bc4 Nf6 5. e5 d5 6. Bb5 Ne4 7. Nxd4 Bc5 8. Be3 O-O 9. Nxc6 bxc6 10. Bxc5 Nxc5 11. Bxc6 Rb8 12. Qxd5 Qe7 13. O-O Rxb2 14. c4 Rd8 15. Qf3 Rd3 16. Qf4 Re2 17. a4 Rxe5 18. Nd2 g5 19. Qxe5 Qxe5 20. Rae1 Qf6 21. Re8+ Kg7 22. Rxc8 Qxc6 23. Nf3 Qf6 24. Rxc7 Ne6 25. Rc6 Rxf3 26. gxf3 Qxf3 27. Rxe6 fxe6 28. Rc1 Qf4 29. Rc3 Qd2 30. Re3 Qc1+ 31. Kg2 Qxc4 32. a5 Qd5+ 33. Kg1 Kf6 34. a6 Qc4 0-1

[Event "EYCC Open-U16 2019"]
[Site "Bratislava"]
[Date "2019.08.04"]
[Round "3.39"]
[White "Pobor, Milo"]
[Black "Keprt, Tomas"]
[Result "0-1"]
[ECO "B31"]
[WhiteElo "2067"]
[BlackElo "1438"]
[Annotator "NA"]
[PlyCount "68"]
[EventDate "2019.08.02"]
[EventType "swiss"]
[EventCountry "SVK"]
[SourceTitle "playchess.com"]
[Source "ChessBase"]
[SourceQuality "1"]
[TimeControl "40/5400+30:1800+30"]

1. e4 c5 2. Nf3 Nc6 3. Bb5 g6 4. O-O Bg7 5. Re1 Nf6 6. e5 Nd5 7. Nc3 Nc7 8. Bxc6 bxc6 9. d3 O-O 10. Be3 d6 11. exd6 exd6 12. Bg5 Bf6 13. Bxf6 Qxf6 14. Ne4 Qd8 15. d4 Ne6 16. Qd2 Rb8 17. dxc5 d5 18. Ng3 Rxb2 19. Ne5 Qc7 20. Qc3 Rb5 21. Ng4 d4 22. Nf6+ Kg7 23. Qf3 Rxc5 24. Nge4 Rf5 25. Qh3 Rxf6 26. Nxf6 Kxf6 27. Qxh7 Qf4 28. Qh3 Ng5 29. Qa3 Kg7 30. Qe7 Be6 31. Qc5 Bd5 32. Rad1 Ne6 33. Qxa7 Rh8 34. h3 Qg5 0-1

[Event "EYCC Open-U16 2019"]
[Site "Bratislava"]
[Date "2019.08.04"]
[Round "3.40"]
[White "Vitenberg, Noam Aviv"]
[Black "Ghachava, Akaki"]
[Result "0-1"]
[ECO "E38"]
[WhiteElo "2300"]
[BlackElo "1777"]
[Annotator "NA"]
[PlyCount "92"]
[EventDate "2019.08.02"]
[EventType "swiss"]
[EventCountry "SVK"]
[SourceTitle "playchess.com"]
[Source "ChessBase"]
[SourceQuality "1"]
[TimeControl "40/5400+30:1800+30"]

1. d4 Nf6 2. c4 e6 3. Nc3 Bb4 4. Qc2 c5 5. dxc5 Na6 6. a3 Bxc3+ 7. Qxc3 Nxc5 8. b4 Nce4 9. Qc2 d5 10. c5 Nxf2 11. Kxf2 Ne4+ 12. Ke1 Qf6 13. e3 Qxa1 14. Bb5+ Bd7 15. Bxd7+ Kxd7 16. Ne2 Ke7 17. Rf1 Rhc8 18. Qa4 Nc3 19. Qc2 Ne4 20. Qa4 Qe5 21. Qb5 Qc7 22. Bb2 f6 23. Rf4 a5 24. Nd4 axb4 25. axb4 Kf7 26. Qe2 e5 27. Nb5 Qe7 28. Rh4 Kg8 29. Qd3 Rd8 30. Nd6 Nxd6 31. Qxh7+ Kf7 32. cxd6 Rxd6 33. Rg4 Qf8 34. h4 Qh8 35. Qf5 Qh6 36. Kf2 d4 37. Bc1 d3 38. Qe4 d2 39. Qxb7+ Ke6 40. Bxd2 Rxd2+ 41. Kf3 Rad8 42. Rxg7 Qxe3+ 43. Kg4 R2d4+ 44. Kh5 Rh8+ 45. Rh7 Qe2+ 46. Kh6 Rxh4+ 0-1

[Event "EYCC Open-U16 2019"]
[Site "Bratislava"]
[Date "2019.08.04"]
[Round "3.41"]
[White "Jazdanovs, Aleksandrs"]
[Black "Darmogray, Makar"]
[Result "1-0"]
[ECO "C88"]
[WhiteElo "2238"]
[BlackElo "2004"]
[Annotator "NA"]
[PlyCount "67"]
[EventDate "2019.08.02"]
[EventType "swiss"]
[EventCountry "SVK"]
[SourceTitle "playchess.com"]
[Source "ChessBase"]
[SourceQuality "1"]
[TimeControl "40/5400+30:1800+30"]

1. e4 e5 2. Nf3 Nc6 3. Bb5 a6 4. Ba4 Nf6 5. O-O Be7 6. Re1 b5 7. Bb3 d6 8. a4 b4 9. d4 Bg4 10. dxe5 Nxe5 11. Nbd2 Qc8 12. h3 Bh5 13. Qe2 O-O 14. Qe3 Nxf3+ 15. Nxf3 Re8 16. Bd2 Bf8 17. Qf4 Qb7 18. Qh4 h6 19. e5 Bxf3 20. exf6 Be4 21. fxg7 Bxg7 22. Re3 Bg6 23. Rae1 Qc6 24. Bd5 Qxd5 25. Rxe8+ Rxe8 26. Rxe8+ Kh7 27. Qxb4 c5 28. Qf4 Qa2 29. Bc3 Qb1+ 30. Kh2 Qxc2 31. Bxg7 Kxg7 32. Qxd6 Qxf2 33. Qe5+ Qf6 34. Rg8+ 1-0